Map: Ruins of Seras

Players

LindyHop - Winner!

  • Race: Zerg Zerg
  • League: Silver

A.I. 1 (Easy)

  • Race: Terran Terran

VOD

Have the link to the VOD?

Description

Time

  • Played on: Dec. 2, 2015, 12:05 a.m.
  • Length: 10:12
Show
View Real Time Build Order
Export as new Build Order

LindyHop Zerg - Winner!

Build Orders: Hatch First 

Get SALT Encoding   

  12  0:01  Drone  
  13  0:08  Drone  
  14  0:36  Hatchery  
  14  0:39  Drone  
  14  0:57  Spawning Pool  
  14  1:01  Drone, Extractor  
  13  1:08  Overlord  
  13  1:14  Drone  
  14  1:27  Drone x2  
  16  1:33  Drone  
  17  1:44  Queen  
  19  1:53  Queen  
  21  2:03  Zergling x4  
  23  2:11  Drone x2  
  25  2:22  Metabolic Boost  
  25  2:25  Drone  
  26  2:37  Overlord  
  26  3:00  Baneling Nest  
  26  3:03  Queen  
  26  3:05  Overlord  
  27  3:09  Zergling x2  
  27  3:10  Zergling x6  
  31  3:30  Drone x5  
  36  3:52  Drone x6  
  36  3:54  Lair  
  41  4:05  Drone  
  41  4:06  Drone x2  
  41  4:28  Drone x2  
  41  4:29  Overlord x2, Spine Crawler x2  
  41  4:40  Baneling x2  
  41  4:44  Extractor  
  40  4:45  Extractor  
  39  4:53  Evolution Chamber, Centrifical Hooks, Extractor  
  37  5:08  Roach Warren  
  37  5:09  Drone x3  
  37  5:10  Drone x3  
  37  5:11  Drone x4  
  46  5:19  Zerg Ground Armor Level 1  
  46  5:20  Zergling x6  
  49  5:44  Hatchery  
  49  5:48  Drone x3  
  51  5:50  Evolution Chamber  
  51  5:51  Drone x2  
  51  5:52  Drone  
  51  5:55  Glial Reconstitution  
  53  6:09  Roach  
  53  6:10  Roach x2  
  53  6:11  Overlord  
  59  6:12  Overlord  
  59  6:37  Zerg Missile Weapons Level 1  
  59  6:43  Roach  
  59  6:44  Roach x7  
  75  6:48  Overlord x2  
  75  7:13  Ravager x7  
  75  7:14  Ravager  
  83  7:16  Roach  
  83  7:17  Zergling x2  
  83  7:18  Zergling x16  
  83  7:22  Queen  
  94  7:25  Drone  
  94  7:26  Overlord x2  
  94  7:29  Overlord  
  96  8:00  Roach x2  
  96  8:01  Roach x2  
  96  8:03  Drone x9  
  113  8:08  Infestation Pit  
  113  8:11  Roach x2  
  116  8:34  Roach x2  
  116  8:35  Overlord x3  
  116  8:36  Overlord  
  120  8:48  Zergling x2  
  121  8:53  Extractor x2  
  119  9:07  Hatchery  
  118  9:15  Roach x8  
  118  9:16  Roach x7  
  147  9:24  Roach x3  
  147  9:25  Roach  
  153  9:36  Overlord x3  
Show
View Real Time Build Order
Export as new Build Order

A.I. 1 (Easy) Terran 

Build Orders:  

Get SALT Encoding   

  12  0:00  SCV  
  13  0:13  SCV  
  14  0:20  Supply Depot  
  14  0:25  SCV  
  15  0:41  SCV  
  16  0:44  Barracks  
  16  0:46  Refinery  
  16  1:11  Supply Depot  
  16  1:21  Refinery  
  16  1:31  Marine  
  17  1:32  Orbital Command  
  17  1:57  Barracks Tech Lab  
  17  2:15  Marauder  
  19  2:16  Supply Depot  
  19  2:17  SCV  
  20  2:29  SCV  
  21  2:40  Marine  
  21  2:41  SCV  
  23  2:53  SCV  
  24  3:05  SCV  
  24  3:06  Marine  
  26  3:18  SCV  
  27  3:31  Marine  
  27  3:56  SCV  
  27  3:58  Marauder  
  29  4:23  Marauder  
  31  4:35  SCV  
  31  4:49  Marine  
  32  5:40  SCV  
  32  6:09  SCV  
  32  7:03  SCV, Marine  
  32  7:05  Supply Depot  
  34  7:12  Command Center, Factory  
  34  7:15  SCV  
  35  7:20  Marine  
  36  7:29  Supply Depot  
  34  7:38  Marine  
  27  7:56  Marine  
  27  7:58  Starport  
  28  8:14  Marine  
  29  8:25  SCV  
  30  8:29  SCV  
  30  8:32  Marauder  
  33  8:35  Refinery, Starport Tech Lab  
  33  8:36  Refinery  
  33  8:37  SCV  
  34  8:41  SCV  
  35  8:49  SCV  
  35  8:53  SCV, Raven, Marine  
  40  9:01  SCV  
  41  9:06  SCV  
  42  9:11  Marine  
  42  9:13  SCV  
  44  9:18  SCV  
  40  9:25  SCV  
  40  9:29  Marauder  
  37  9:37  SCV  
  25  9:39  Hellion  
  26  9:49  SCV  
Tags
 
Add a new tag
Caveats
  • Supply blocks, unpowered buildings, or Contaminate may cause inaccurate times.
  • Supply counts are checked every 10 seconds.